AoeStats
← |GaoeG| flamingo

Glade

503579858Analyzed
1v1 RM · 1mo ago on Sep 1, 2026· 32m 42s· 2 players
Game mode
Random Map
Map size
Tiny (2 player)
Population
200
Speed
Normal
Resources
Standard
Victory
Conquest
Starting age
Dark Age
Ending age
Imperial Age
RankedLock teamsTeams togetherTeam positionsShared explorationLock speedFull tech treeHidden civsTurbo modeCheats
Victory
Defeat
🇺🇦 Italians · Ukraine
1383
+16
🇪🇸 Spanish · Spain
1379
-16
|GaoeG| flamingo
9:13 Feudal Age
9:38 Man-at-Arms
11:02 Loom
11:22 Arson
12:52 Double-Bit Axe
16:11 Town Watch
19:52 Castle Age
19:06 Horse Collar
19:48 Fletching
19:58 Padded Archer Armor
19:51 Gold Mining
21:01 Bow Saw
21:16 Bodkin Arrow
22:32 Wheelbarrow
23:55 Leather Archer Armor
24:31 Elite Skirmisher
29:24 Bloodlines
29:15 Husbandry
JKolerts
9:54 Feudal Age
13:46 Castle Age
12:50 Double-Bit Axe
16:48 Fletching
19:07 Horse Collar
19:55 Padded Archer Armor
19:48 Loom
20:39 Bodkin Arrow
23:40 Wheelbarrow
26:55 Ballistics
27:01 Town Watch
32:40 Imperial Age
Connection lost

Rejoining the realm…

Still unreachable

The connection could not be restored.

Session expired

The server has moved on; the page needs a fresh start.